 Dungeon Crawl Stone Soup version 0.31-a0-187-gba352fbbf7 (webtiles) character file.

Game seed: 1880562601251391455

206 qw the Skirmisher (level 5, -1/29 HPs)
             Began as a Deep Elf Hunter on June 22, 2023.
             Slain by a scorpion (4 damage)
             ... on level 3 of the Dungeon.
             The game lasted 00:00:47 (2450 turns).

qw the Skirmisher (Deep Elf Hunter)                 Turns: 2450, Time: 00:00:47

Health: -1/29      AC:  9    Str: 10    XL:     5   Next: 53%
Magic:  7/7        EV: 11    Int: 14    God:
Gold:   186        SH:  0    Dex: 18    Spells: 4/4 levels left

rFire   . . .        Y - +0 arbalest
rCold   . . .        (shield currently unavailable)
rNeg    . . .        c - +0 ring mail
rPois   .            (no helmet)
rElec   .            l - scarf {repulsion}
rCorr   .            (no gloves)
SInv    .            (no boots)
Will    .....        b - amulet of the acrobat
Stlth   +            g - +4 ring of protection
HPRegen 0.24/turn    (no ring)
MPRegen 0.10/turn

%: repel missiles, acrobat
@: no status effects
A: no striking features
a: no special abilities


You were on level 3 of the Dungeon.
You visited 1 branch of the dungeon, and saw 4 of its levels.

You collected 186 gold pieces.


   Skills:
 + Level 1.5 Fighting
 - Level 9.1 Ranged Weapons
 - Level 2.4 Dodging
 - Level 1.2 Stealth


You had 4 spell levels left.
You didn't know any spells.
Your spell library was empty.

Inventory:

Hand Weapons
 Y - a +0 arbalest (weapon)
Armour
 c - a +0 ring mail (worn)
 d - a +0 cloak
 l - a scarf of repulsion (worn)
Jewellery
 b - an amulet of the acrobat (around neck)
 g - a +4 ring of protection (left hand)
Potions
 a - a potion of haste
 e - 2 potions of enlightenment
 f - a potion of degeneration {unknown}
 h - 3 potions of curing
 i - a potion of might {unknown}

Dungeon Overview and Level Annotations

Branches:
Dungeon (4/15)
 Temple: D:4-7

Altars:
Qazlal


Message History

The adder closely misses you. The scorpion barely misses you.
The orc priest completely misses you. The orc wizard casts a spell at you.
The magic dart hits you but does no damage.
You shoot a bolt. The bolt hits the orc wizard.
The orc wizard is heavily wounded.
The adder bites you. The scorpion barely misses you. The adder bites you.
The orc priest hits you with a +0 dagger.
The orc wizard hits you but does no damage.
The scorpion stings you but does no damage.
You shoot a bolt. The bolt hits the orc wizard!
You kill the orc wizard!
The adder bites you but does no damage. The orc priest barely misses you.
The scorpion closely misses you. The adder bites you but does no damage.
The orc priest misses you. The orc wizard closely misses you.
The scorpion stings you but does no damage.
The adder bites you but does no damage.
You shoot a bolt. The bolt hits the orc priest!!
You kill the orc priest!
The scorpion stings you.
The orc wizard gestures wildly while chanting.
The orc wizard flickers and vanishes!
Deactivating autopickup; reactivate with Ctrl-A.
The adder misses you. The scorpion stings you.
Something hits you but does no damage. The adder bites you but does no damage.
Your Ranged Weapons skill increases to level 9!
You shoot a bolt. The bolt barely misses the scorpion.
The scorpion stings you but does no damage.
The adder barely misses you.
You hear some strange, mumbled words.
A puff of flame appears from out of thin air!
The puff of flame hits you!
The scorpion stings you but does no damage.
The adder misses you.
You shoot a bolt. The bolt hits the scorpion.
The scorpion is moderately wounded.
You hear some strange, mumbled words.
Something tries to affect you, but you resist.
The adder barely misses you. The scorpion stings you.
You die...

........# #.# ###....###....
######### #.# #....## ####. #.#
#...## #. ######## #.# #...#
#####. #......#####.### #...#
#.....
...............######...####.###.
.....#.#####.#.#.............##..
.....#.# #.#.){S...........##.#
.....#.# #.###@s...........##.#
.....#.# #.# ####.......#####.#
#......# #.# #.#...#.# #.#
######## #.# #.#...#.# #.# ...#
##### #.# #.#...#.# #..
...###...###.# #.#...#.# ###
##)##.###.##.## #.......# ##
##.#.## ##....# ####.#########.
[....# #....# #####.........#.


You could see a scorpion and an adder.

Vanquished Creatures
  2 orc priests (D:3)
  A hound (D:3)
  An orc wizard (D:3)
  3 adders (D:3)
  A worm (D:3)
  2 dart slugs
  7 orcs (D:3)
  4 ball pythons
  4 bats
  3 endoplasms
  2 giant cockroaches (D:1)
  7 goblins
  5 hobgoblins
  A quokka (D:1)
  6 frilled lizards
  3 kobolds
  2 rats (D:1)
54 creatures vanquished.

Notes
Turn   | Place    | Note
-------+----------+-------------------------------------------
     0 | D:1      | qw the Deep Elf Hunter began the quest for the Orb.
     0 | D:1      | Reached XP level 1. HP: 12/12 MP: 3/3
     0 | D:1      | 0 ||| qw: Version: 0.3-a-9-g12657ce
     0 | D:1      | 0 ||| qw: Game counter: 2646
     0 | D:1      | 0 ||| qw: Always use a shield: true
     0 | D:1      | 0 ||| qw: God list: Okawaru
     0 | D:1      | 0 ||| qw: Allow faded altars: false
     0 | D:1      | 0 ||| qw: Do Orc after D:15 true
     0 | D:1      | 0 ||| qw: Do second Lair branch before Depths: true
     0 | D:1      | 0 ||| qw: Lair rune preference: random
     0 | D:1      | 0 ||| qw: Plans: Normal
     0 | D:1      | 0 ||| PLANNING D:1-11
   174 | D:1      | Reached skill level 6 in Ranged Weapons
   174 | D:1      | Reached XP level 2. HP: 16/16 MP: 4/4
   197 | D:1      | Found a faded altar of an unknown god.
   904 | D:1      | 904 ||| UPGRADING to +0 cloak.
   909 | D:1      | 909 ||| UPGRADING to +0 scale mail.
   919 | D:1      | 919 ||| DROPPING +0 leather armour.
   920 | D:1      | 920 ||| UPGRADING to +4 ring of protection.
   921 | D:1      | 921 ||| DRINKING 2 fizzy golden potions.
   922 | D:1      | 922 ||| DROPPING scroll of butterflies.
  1115 | D:2      | Reached XP level 3. HP: 20/20 MP: 5/5
  1350 | D:2      | You fall into a shaft and drop 2 floors!
  1352 | D:4      | 1352 ||| Stepping ~*~*~tactically~*~*~ (water).
  1373 | D:4      | 1373 ||| UPGRADING to +0 ring mail.
  1383 | D:4      | 1383 ||| DROPPING +0 scale mail.
  1384 | D:4      | 1384 ||| UPGRADING to amulet of the acrobat.
  1394 | D:4      | 1394 ||| STAIRDANCE
  1407 | D:3      | Reached skill level 7 in Ranged Weapons
  1457 | D:3      | 1457 ||| DRINKING 2 bubbling golden potions.
  1732 | D:3      | Identified the +0 cloak of Light {Stlth+}
  1772 | D:3      | Reached XP level 4. HP: 25/25 MP: 6/6
  1802 | D:3      | 1802 ||| SWAPPING to +0 arbalest.
  1852 | D:3      | 1852 ||| DROPPING +0 shortbow.
  1874 | D:3      | Reached skill level 8 in Ranged Weapons
  1877 | D:3      | Found a stormy altar of Qazlal.
  1932 | D:3      | 1932 ||| Stepping ~*~*~tactically~*~*~ (outnumbered).
  1934 | D:3      | 1934 ||| Stepping ~*~*~tactically~*~*~ (outnumbered).
  1938 | D:3      | 1938 ||| Stepping ~*~*~tactically~*~*~ (outnumbered).
  1943 | D:3      | Reached XP level 5. HP: 27/29 MP: 7/7
  2319 | D:3      | 2319 ||| DROPPING +0 cloak of Light {Stlth+}.
  2320 | D:3      | 2320 ||| UPGRADING to scarf of repulsion.
  2330 | D:3      | 2330 ||| READING scroll labelled ZOMOYR ESEAPU.
  2331 | D:3      | 2331 ||| DRINKING 2 fizzy green potions.
  2358 | D:4      | 2358 ||| STAIRDANCE
  2394 | D:4      | 2394 ||| STAIRDANCE
  2443 | D:4      | 2443 ||| STAIRDANCE
  2449 | D:3      | Reached skill level 9 in Ranged Weapons
  2449 | D:3      | HP: 3/29 [something/puff of flame (11)]
  2450 | D:3      | Slain by a scorpion

Levels and vault maps discovered:
D:1:      minmay_arrival_cross, layout_basic, shapermc_ecumenical_altar_pompeii,
          hex_large, item_on_display_a
D:2:      layout_loops_ring
D:3:      layout_loops_cross, mainiacjoe_overflow_alcove_4, serial_bayou_pond_a
D:4:      minmay_goblin_kobold_castle, layout_basic, minmay_temple_entry_waves

Skill      XL: |  1  2  3  4  5 |
---------------+----------------+-----
Ranged Weapons | 6 7 8 9 |  9.1
Fighting       | |  1.5
Dodging        | |  2.4
Stealth        | |  1.2

Action                     |  1- 3 |  4- 6 || total
---------------------------+-------+-------++-------
   Fire: Shortbow          |   109 |     1 ||   110
         Arbalest          |       |    35 ||    35
    Use: Potion            |     2 |     1 ||     3
         Scroll            |       |     1 ||     1
 Armour: Ring mail         |     8 |    25 ||    33
         Scale mail        |     4 |       ||     4
  Dodge: Dodged            |    30 |    30 ||    60

Table legend:
 A = Non-vault XP
 B = Vault XP
 C = Vault XP percentage of total XP
 D = Non-vault monster count
 E = Vault monster count
 F = Vault count percentage of total count
                 A         B        C        D         E       F
            +---------+---------+-------+---------+---------+-------
      Total |     295 |       0 |   0.0 |      54 |       0 |   0.0
            +---------+---------+-------+---------+---------+-------
        D:1 |      32 |       0 |   0.0 |      19 |       0 |   0.0
        D:2 |      20 |       0 |   0.0 |      10 |       0 |   0.0
        D:3 |     239 |       0 |   0.0 |      23 |       0 |   0.0
        D:4 |       4 |       0 |   0.0 |       2 |       0 |   0.0
            +---------+---------+-------+---------+---------+-------
